 Dungeon Crawl Stone Soup version 0.26.1-11-gd32895ea62 (webtiles) character file.

Game seed: 5269802265263183638

1186 nothank2 the Firebug (level 8, 0/57 HPs)
             Began as a White Draconian Fire Elementalist on June 24, 2021.
             Slain by a gnoll
             ... wielding a +0 spear
              (5 damage)
             ... on level 5 of the Dungeon.
             The game lasted 00:20:30 (6687 turns).

nothank2 the Firebug (DrFE)                         Turns: 6687, Time: 00:20:30

Health: 0/57       AC:  7    Str: 11    XL:     8   Next: 19%
Magic:  6/11       EV: 12    Int: 17    God:
Gold:   216        SH:  0    Dex: 12    Spells: 1/11 levels left

rFire    . . .     SeeInvis .   i - +2 great mace (drain)
rCold    + . .     Faith    .   (shield currently unavailable)
rNeg     . . .     Spirit   .   (armour unavailable)
rPois    .         Reflect  .   (helmet restricted)
rElec    .         Harm     .   (no cloak)
rCorr    .         Rampage  .   (no gloves)
Will     +....                  j - +0 pair of boots (curse)
Stlth    ++........             (no amulet)
HPRegen  0.19/turn              m - ring of willpower
MPRegen  0.12/turn              (no ring)

@: no status effects
A: breathe frost, unfitting armour, cold resistance 1, cold-blooded, AC +6
a: Breathe Frost


You were on level 5 of the Dungeon.
You visited 2 branches of the dungeon, and saw 7 of its levels.

You collected 216 gold pieces.

Inventory:

Hand Weapons
 d - a +0 dagger
 e - a +0 hand axe
 h - a +0 flail
 i - a +2 great mace of draining (weapon)
Armour
 j - a cursed +0 pair of boots (worn)
 t - a +0 pair of boots
Jewellery
 c - an uncursed amulet of faith
 m - a ring of willpower (left hand)
Wands
 s - a wand of iceblast (5)
Scrolls
 b - 3 scrolls of fog
 g - a scroll of enchant armour {unknown}
 n - a scroll of amnesia {unknown}
 o - 5 scrolls of identify {unknown}
 p - 3 scrolls of remove curse {unknown}
 u - 2 scrolls of enchant weapon {unknown}
 v - 2 scrolls of noise {unknown}
 y - 2 scrolls of teleportation
 z - 2 scrolls of fear {unknown}
Potions
 a - 6 potions of curing {unknown}
 f - 2 potions of brilliance {unknown}
 k - a potion of might {unknown}
 l - a potion of magic {unknown}
 q - 2 potions of lignification {unknown}
 r - a potion of flight {unknown}
 w - 2 potions of degeneration {unknown}
 x - 2 potions of heal wounds {unknown}


   Skills:
 - Level 0.1 Maces & Flails
 - Level 1.7 Dodging
 - Level 1.7 Stealth
 - Level 2.0 Spellcasting
 + Level 6.4 Conjurations
 + Level 6.6 Fire Magic


You had one spell level left.
You knew the following spells:

 Your Spells              Type           Power        Failure   Level
a - Foxfire               Conj/Fire      96%          1%          1
b - Sticky Flame          Conj/Fire      24%          13%         4
c - Fireball              Conj/Fire      12%          36%         5

Your spell library contained the following spells:

 Spells                   Type           Power        Failure   Level
 Conjure Flame            Conj/Fire      24%          4%          3
 Inner Flame              Hex/Fire       12%          16%         3


Dungeon Overview and Level Annotations

Branches:
Dungeon (6/15)             Temple (1/1) D:4

Altars:
Ashenzari
Cheibriados
Dithmenos
Fedhas
Gozag
Hepliaklqana
Kikubaaqudgha
Makhleb
Okawaru
Qazlal
Trog
Uskayaw
Wu Jian
Yredelemnul
Zin
The Shining One


Innate Abilities, Weirdness & Mutations

You can breathe waves of freezing cold.
You can buffet flying creatures when you breathe cold.
Your icy white scales are hard. (AC +6)
You cannot fit into any form of body armour.
Your flesh is cold resistant. (rC+)
You are cold-blooded and may be slowed by cold attacks.


Message History

The orc priest mumbles some strange prayers to Beogh against you.
Pain shoots through your body! The gnoll hits you with a +0 spear!
* * * LOW HITPOINT WARNING * * *
You hit the orc priest. You drain the orc priest.
The orc priest is severely wounded.
The foxfire hits the gnoll.
The gnoll is severely wounded.
The foxfire hits the orc priest.
The orc priest is severely wounded.
The orc priest barely misses you. The gnoll hits you but does no damage.
The orc priest calls down the wrath of Beogh upon you.
Beogh smites you!
* * * LOW HITPOINT WARNING * * *
The gnoll barely misses you.
You are too injured to fight recklessly!
Casting: Foxfire (safe; 1% risk of failure)
Press: ? - help, Q - select action, (/) - cycle Dir - look around, f - activate You conjure some foxfire!
The gnoll hits you with a +0 spear.
You die...

#.# ### #.# #.#########.#
#...........# #.###########
#.# #.# ######### #.#
#...v.[.############## #.#
#.#.v@g............... #.#
#.#.#o#.############## #.#
#.#.#.#.#...#
##.######.#.#.#.#...#
#........)..#.#)#...##########
#########.#...................
#.#.###.#...##########
####.#'###.#...# #####
#..........#...# #....


You could see an orc priest (drained) and a gnoll.

Vanquished Creatures
  Grinder (D:3)
  Sigmund (D:3)
  An ogre (D:5)
  2 howler monkeys
  A bullfrog zombie (D:5)
  2 hounds (D:5)
  A gnoll shaman (D:5)
  A bullfrog skeleton (D:5)
  An orc wizard (D:5)
  2 worker ants
  Terence (D:3)
  Robin (D:3)
  14 adders
  10 gnolls
  A shadow imp (D:5)
  A white imp (D:5)
  An ufetubus (D:5)
  An ooze (D:1)
  2 adder skeletons (D:4)
  6 worms
  A dart slug (D:2)
  5 leopard geckos
  18 orcs
  A ball python (D:5)
  8 bats
  3 giant cockroaches (D:1)
  2 gnoll zombies (D:2)
  10 hobgoblins
  6 jackals
  8 kobolds
  4 quokkas
  11 frilled lizards
  14 goblins
  A leopard gecko skeleton (D:4)
  A quokka skeleton (D:4)
  10 rats
154 creatures vanquished.

Vanquished Creatures (others)
  418 foxfires
418 creatures vanquished.

Grand Total: 572 creatures vanquished

Notes
Turn   | Place    | Note
-------+----------+-------------------------------------------
     0 | D:1      | nothank2 the Draconian Fire Elementalist began the quest
                  | for the Orb.
     0 | D:1      | Reached XP level 1. HP: 14/14 MP: 3/3
   125 | D:1      | Reached XP level 2. HP: 20/20 MP: 1/5
   638 | D:1      | Reached XP level 3. HP: 22/26 MP: 6/6
  1628 | D:2      | Reached XP level 4. HP: 33/33 MP: 2/7
  1733 | D:2      | Learned a level 4 spell: Sticky Flame
  2540 | D:2      | Found a basalt altar of Yredelemnul.
  2659 | D:2      | Reached skill level 5 in Fire Magic
  2726 | D:3      | Noticed Robin
  2726 | D:3      | Noticed Sigmund
  2780 | D:3      | Reached XP level 5. HP: 38/38 MP: 3/8
  2903 | D:3      | Killed Robin
  3201 | D:3      | Killed Sigmund
  3202 | D:3      | Reached XP level 6. HP: 45/45 MP: 4/9
  3428 | D:3      | Noticed Terence
  3446 | D:3      | Killed Terence
  3668 | D:3      | Noticed Grinder
  3680 | D:3      | Killed Grinder
  3681 | D:3      | Your scales start taking on an icy white colour.
  3681 | D:3      | Reduced skill Fire Magic to level 5
  3681 | D:3      | Reached XP level 7. HP: 37/50 MP: 0/10
  3681 | D:3      | Gained mutation: Your flesh is cold resistant. (rC+) [White
                  | Draconian growth]
  3687 | D:3      | Learned a level 5 spell: Fireball
  3900 | D:3      | Reached skill level 5 in Conjurations
  4184 | D:4      | You fall into a shaft and drop 1 floor!
  4184 | D:5      | Entered Level 5 of the Dungeon
  5451 | D:4      | Found a hide-covered altar of Uskayaw.
  5496 | D:4      | Found a burning altar of Makhleb.
  5496 | D:4      | Found an opulent altar of Gozag.
  5609 | D:4      | Found a shadowy altar of Dithmenos.
  5615 | D:4      | Found a glowing golden altar of the Shining One.
  5669 | D:4      | Found a staircase to the Ecumenical Temple.
  5674 | Temple   | Entered the Ecumenical Temple
  5914 | D:5      | Reached XP level 8. HP: 45/57 MP: 4/11
  6187 | D:5      | Found a broken altar of Ashenzari.
  6687 | D:5      | Slain by a gnoll

Illustrated notes

Levels and vault maps discovered:
D:1:      dpeg_arrival_solitude, layout_rooms
D:2:      layout_basic, lemuel_zombie_altar_yredelemnul, minmay_misc_feat_x,
          minmay_lizard_pond
D:3:      layout_rooms, uniq_robin, uniq_grinder, uniq_terence, uniq_sigmund
D:4:      layout_cave_pools, general_overflow_altar,
          eat_drink_and_be_merry_uskayaw, gammafunk_temple_overflow_pools,
          minmay_temple_entry_nine_rooms, tso_altar
D:5:      layout_basic, cheibrodos_ashenzari_chains
D:6:      lemuel_ice_spiral_2, layout_rooms, nemelex_xobeh_ov_fountains_minmay,
          lemuel_coloured_pillars_altar
Temple:   eino_temple_lava

Skill      XL: |  1  2  3  4  5  6  7 |
---------------+----------------------+-----
Fire Magic     | 4 5 5 6 |  6.6
Conjurations   | 2 4 6 |  6.4
Maces & Flails | |  0.1
Dodging        | |  1.7
Stealth        | |  1.7
Spellcasting   | |  2.0

Action                   |  1- 3 |  4- 6 |  7- 9 || total
-------------------------+-------+-------+-------++-------
Melee: Hand axe          |    28 |       |       ||    28
       Tailslap          |     2 |     3 |     3 ||     8
       Flail             |     1 |     2 |       ||     3
       Great mace        |       |    53 |    53 ||   106
 Cast: Foxfire           |    58 |    98 |    91 ||   247
       Sticky Flame      |       |       |     1 ||     1
  Use: Scroll            |     2 |       |       ||     2
Armor: Skin              |    13 |    28 |    32 ||    73
Dodge: Dodged            |    30 |    63 |    84 ||   177
